Cogmind - Beta 9.6 @@@ ROGUE MODE // 2020.05.27 @ 19:47:20 // AFD2020/Player2 Player: Terminus Result: Core destroyed Performance ------------- Evolutions (0) 0 Regions Visited (2) 400 Robots Destroyed (14) 70 Value Destroyed (315) 315 Prototype IDs (0) 0 Alien Tech Used (0) 0 Bonus (240) 240 TOTAL SCORE: 1025 Bonus ------- Follower Combat Kills 240 Cogmind --------- Core Integrity 0/250 Matter 300/300 Energy 250/250 System Corruption 2% Temperature Cool (0) Movement Hovering (146) Ox1 Location -10/Mines Parts ------- > --- POWER (1) -------- Ion Engine > --- PROPULSION (2) --- Combat Airjet Combat Airjet > --- UTILITY (2) ------ High-capacity Storage Unit High-capacity Storage Unit > --- WEAPON (2) ------- Medium Laser Assault Rifle > --- INVENTORY (20) --- Ion Engine Light Ion Engine Aluminum Leg Aluminum Leg Improved Heat Sink Improved Heat Sink High-capacity Storage Unit Improved Sensor Array Light Armor Plating Improved Light Armor Plating Hacking Suite EM Pulse Gun EM Pulse Gun Medium Laser Beam Cannon Beam Cannon Beam Cannon EMP Blaster Grenade Launcher Peak State ------------ > --- POWER ------------ Ion Engine > --- PROPULSION ------- Combat Airjet Combat Airjet > --- UTILITY ---------- High-capacity Storage Unit High-capacity Storage Unit > --- WEAPON ----------- Medium Laser Assault Rifle > --- INVENTORY -------- Ion Engine Light Ion Engine Aluminum Leg Aluminum Leg Improved Heat Sink Improved Heat Sink High-capacity Storage Unit Improved Sensor Array Light Armor Plating Improved Light Armor Plating Hacking Suite EM Pulse Gun EM Pulse Gun Medium Laser Medium Laser Beam Cannon Beam Cannon Beam Cannon EMP Blaster Grenade Launcher [Rating: 18] Favorites ----------- Power Ion Engine Engine Ion Engine Propulsion Aluminum Leg Leg Aluminum Leg Hover Unit Combat Airjet Utility High-capacity Storage Unit Storage High-capacity Storage Unit Weapon Assault Rifle Energy Gun EM Pulse Gun Ballistic Gun Assault Rifle Launcher EMP Blaster Build | -11 -10 -10 ------- Run | Scr Mat Min Slots Evolved . | . . . Power . | . . . Propulsion . | . . . Utility . | . . . Weapon . | . . . Parts Attached 17 | 6 4 7 Power 2 | 1 1 . Engine 2 | 1 1 . Core . | . . . Reactor . | . . . Propulsion 4 | 2 . 2 Treads . | . . . Leg 2 | 2 . . Wheel . | . . . Hover 2 | . . 2 Flight . | . . . Utility 4 | 1 3 . Device . | . . . Storage 4 | 1 3 . Processor . | . . . Hackware . | . . . Protection . | . . . Artifact . | . . . Weapon 7 | 2 . 5 Energy Gun 3 | 1 . 2 Energy Cannon . | . . . Ballistic Gun 2 | 1 . 1 Ballistic Cannon . | . . . Launcher 2 | . . 2 Special Weapon . | . . . Impact Weapon . | . . . Slashing Weapon . | . . . Piercing Weapon . | . . . Special Melee Weapon . | . . . Unidentified Prototypes . | . . . Parts Lost 2 | . . 2 Power . | . . . Propulsion . | . . . Utility . | . . . Weapon 2 | . . 2 Highest Loss Streak 1 | . . 1 Average Slot Usage (%) 98 | . 97 99 Engine 14 | . 14 14 Leg 21 | . 28 17 Hover 7 | . . 11 Storage 27 | . 25 28 Energy Gun 13 | . 14 13 Ballistic Gun 13 | . 14 13 Naked Turns . | . . . Heaviest Build 74 | 11 73 74 Greatest Support 44 | 20 20 44 Greatest Overweight (x) 3 | 1 3 3 Average Overweight (x) 1 | . 1 2 Largest Inventory Capacity 20 | 6 20 20 Average Capacity 16 | 5 13 20 Most Carried 20 | 2 18 20 Average Carried 14 | 1 8 19 Final Capacity 20 | 6 20 20 Final Carried 19 | 2 18 19 Class Distribution -------------------- 76% | Hauler-Mutant 23% | Mutant Dominant Class ---------------- Mutant | -10/Materials Hauler-Mutant | -10/Mines Resources | -11 -10 -10 ----------- Run | Scr Mat Min Matter Collected 524 | 275 94 155 Remotely . | . . . Salvage Created 518 | 65 233 220 Parts 28 | 1 13 14 Haulers Intercepted 1 | . 1 . Recyclers Shooed 3 | . 3 . Parts Field Recycled . | . . . Retrieved Matter . | . . . Parts Self-Destructed . | . . . Prevented . | . . . Kills | -11 -10 -10 ------- Run | Scr Mat Min Combat Hostiles Destroyed 7 | . 2 5 Guns 5 | . 2 3 AOE 1 | . . 1 Classes Destroyed 8 | 1 4 3 Worker 2 | . 1 1 Tunneler 1 | . . 1 Hauler 1 | . 1 . Recycler 2 | 1 1 . Operator 1 | . 1 . Grunt 5 | . 2 3 Demolisher 1 | . . 1 Assembled 1 | . . 1 Best Kill Streak 3 | 1 3 2 Combat Bots Only 2 | . 2 2 Max Kills in Single Turn 1 | 1 1 1 Gunslinging . | . . . Exploded 1 | . . 1 Melee . | . . . Uniques/NPCs Destroyed . | . . . Combat | -11 -10 -10 -------- Run | Scr Mat Min Damage Taken 468 | . 71 397 Core 75 | . 50 25 Absorbed by Shields . | . . . Core Remaining (%) 100 | 100 . . Volleys Fired 50 | 5 18 27 Largest 2 | 2 2 2 Hottest 70 | 60 60 70 Shots Fired 87 | 10 34 43 Gun 79 | 10 34 35 Cannon . | . . . Launcher 8 | . . 8 Special . | . . . Kinetic 42 | 5 18 19 Thermal 9 | . . 9 Explosive 1 | . . 1 Electromagnetic 35 | 5 16 14 Robot Hit Streak 9 | 3 8 9 Robot Miss Streak 3 | 3 2 2 Penetration Max . | . . . Secondary Targets . | . . . Shots Hit Robots 55 | 6 23 26 Core Hits 30 | 2 8 20 Critical Hits . | . . . Critical Kills . | . . . Critical Parts Destroyed . | . . . Melee Attacks . | . . . Impact . | . . . Slashing . | . . . Piercing . | . . . Sneak Attacks . | . . . Combat Hostiles . | . . . Follow-up Attacks . | . . . Damage Inflicted 941 | 85 314 542 Guns 667 | 85 314 268 Cannons . | . . . Explosions 274 | . . 274 Melee . | . . . Ramming . | . . . Kinetic 331 | 48 145 138 Thermal 63 | . . 63 Explosive 89 | . . 89 Electromagnetic 458 | 37 169 252 Impact . | . . . Slashing . | . . . Piercing . | . . . Highest Corruption 2 | . 1 2 Average Corruption 1 | . 1 1 Corruption Purged . | . . . Effects 8 | . 1 7 Message Errors 3 | . 1 2 Heat Flow Errors 1 | . . 1 Energy Discharges 2 | . . 2 Data Loss (minor) 1 | . . 1 Targeting Errors 1 | . . 1 Overload Shots . | . . . Overflow Damage 7 | . . 7 Projectiles . | . . . Explosions 7 | . . 7 Melee . | . . . Knockbacks . | . . . Impact . | . . . Kinetic . | . . . Secondary . | . . . Self-Inflicted Damage 77 | . . 77 Shots 5 | . . 5 Rammed . | . . . Targets Rammed . | . . . Kicked . | . . . Crushed . | . . . Highest Temperature 99 | . 9 99 Average Temperature 35 | . 9 38 Received Heat Transfer 126 | . 21 105 Siege Activations . | . . . Robots Corrupted 1 | . . 1 Combat Hostiles 1 | . . 1 Parts Fried 1 | . . 1 Impact Corruptions . | . . . Robots Melted . | . . . Combat Hostiles . | . . . Parts Melted . | . . . Heat Transferred 185 | . . 185 Parts Sabotaged . | . . . Parts Stolen . | . . . Parts Stripped . | . . . Power Chain Reactions . | . . . Missiles Intercepted . | . . . Alert | -11 -10 -10 ------- Run | Scr Mat Min Peak Influence 197 | 5 197 191 Average Influence 49 | 1 71 42 Maximum Alert Level . | . . . Low Security (%) 100 | 100 100 100 Level 1 . | . . . Level 2 . | . . . Level 3 . | . . . Level 4 . | . . . Level 5 . | . . . High Security . | . . . Max Security . | . . . Squads Dispatched 1 | . 1 . Investigation 1 | . 1 . Extermination . | . . . Reinforcement . | . . . Assault . | . . . Garrison . | . . . Intercept . | . . . Construction Impeded . | . . . Haulers Reinforced . | . . . Stealth | -11 -10 -10 --------- Run | Scr Mat Min Distress Signals 1 | . 1 . Communications Jammed . | . . . Distress Signals . | . . . Times Spotted 30 | . 11 19 Peak Tracking Total 13 | . 2 13 Tactical Retreats . | . . . Traps | -11 -10 -10 ------- Run | Scr Mat Min Traps Triggered . | . . . Indirectly . | . . . Trap Hack Attempts . | . . . Triggered . | . . . Disarmed . | . . . Reprogrammed . | . . . Reused . | . . . Traps Extracted . | . . . Installed . | . . . Triggered . | . . . Machines | -11 -10 -10 ---------- Run | Scr Mat Min Machines Disabled 4 | . 1 3 Max in Single Turn . | . . . Machines Sabotaged . | . . . Garrisons Compromised . | . . . Overloaded Fab Kills . | . . . Fab Network Shutdowns . | . . . Hacking | -11 -10 -10 --------- Run | Scr Mat Min Machines Accessed 2 | . 2 . Terminals 2 | . 2 . Fabricators . | . . . Repair Stations . | . . . Recycling Units . | . . . Scanalyzers . | . . . Garrison Access . | . . . Total Hacks 6 | . 6 . Successful 3 | . 3 . Failed 3 | . 3 . Catastrophic . | . . . Database Lockouts . | . . . Manual 6 | . 6 . Terminals 6 | . 6 . Fabricators . | . . . Repair Stations . | . . . Recycling Units . | . . . Scanalyzers . | . . . Garrison Access . | . . . Terminal Hacks 1 | . 1 . Zone Layout 1 | . 1 . Fabricator Hacks . | . . . Repair Station Hacks . | . . . Recycling Unit Hacks . | . . . Scanalyzer . | . . . Garrison Access Hacks . | . . . Unauthorized Hacks 2 | . 2 . Terminals 2 | . 2 . Botnet 2 | . 2 . Fabricators . | . . . Repair Stations . | . . . Recycling Units . | . . . Scanalyzers . | . . . Garrison Access . | . . . Data Cores Recovered 1 | . 1 . Used . | . . . Hacking Detections 2 | . 2 . Full Trace Events . | . . . Feedback Events . | . . . Feedback Blocked . | . . . Robot Schematics Acquired . | . . . Robots Built . | . . . Matter . | . . . Time . | . . . Total Robot Build Rating . | . . . Part Schematics Acquired . | . . . Parts Built . | . . . Matter . | . . . Time . | . . . Total Part Build Rating . | . . . Parts Repaired . | . . . Time . | . . . Parts Recycled . | . . . Recycled Matter . | . . . Retrieved Matter . | . . . Retrieved Components . | . . . Parts Scanalyzed . | . . . Part Schematics Acquired . | . . . Parts Damaged . | . . . Bothacking | -11 -10 -10 ------------ Run | Scr Mat Min Used RIF Installer . | . . . Robots Hacked . | . . . Non-combat . | . . . Combat . | . . . Robot Hacks Applied . | . . . Relay Couplers Released . | . . . Robots Rewired . | . . . Allies Hacked . | . . . Hacks Repelled . | . . . Allies | -11 -10 -10 -------- Run | Scr Mat Min Total Allies 1 | . 1 . Largest Group 1 | . 1 1 Highest-Rated Group 62 | . 59 62 Highest-Rated Ally 62 | . 59 62 Total Orders . | . . . Ally Attacks 25 | . 10 15 Total Damage 1318 | . 537 781 Kills 18 | . 8 10 Allies Corrupted . | . . . Allies Melted . | . . . Intel | -11 -10 -10 ------- Run | Scr Mat Min Robot Analysis Total . | . . . Derelict Logs Recovered 1 | . . 1 Drone Launches . | . . . Drone Recoveries . | . . . Exploration | -11 -10 -10 ------------- Run | Scr Mat Min Turns Passed 1402 | 86 479 837 Spaces Moved 697 | 50 249 398 Core 8 | 8 . . Treads . | . . . Legs 497 | 42 249 206 Wheels . | . . . Hover 192 | . . 192 Flight . | . . . Fastest Speed 50 | 50 120 146 Average Speed 164 | 111 151 179 Slowest Speed 300 | 120 210 300 Overloaded Moves . | . . . Propulsion Burnouts . | . . . Robots Hopped . | . . . Cave-ins Triggered . | . . . Exploration Rate (%) 44 | 4 46 84 Regions Visited 2 Branch Regions 1 Pre-discovered Areas 1 | . . 1 Known Exits Taken . | . . . Unknown Exits Taken 2 | 1 1 . Scrap Searched . | . . . Spaces Dug . | . . . Terrain Destroyed 8 | . . 8 Melee . | . . . Projectile . | . . . AOE 8 | . . 8 Actions | -11 -10 -10 --------- Run | Scr Mat Min Total 864 | 67 316 481 Wait 66 | 5 27 34 Move 695 | 49 248 398 Hop . | . . . Pick Up 26 | 2 16 8 Fast Attach 9 | 6 1 2 Attach 2 | . . 2 Detach . | . . . Swap 6 | . 3 3 Drop 10 | . 3 7 Fire 50 | 5 18 27 Melee . | . . . Ram . | . . . Kick . | . . . Crush . | . . . Escape Stasis . | . . . Rewire . | . . . Trap . | . . . Miscellaneous . | . . . Route ------- -11/Scrapyard -10/Materials (discovered 2 exits: [*Mat] / [*Min]) -10/Mines (discovered 2 exits: [*Mat x2]) History --------- Turn | Location | Event 42 | -11/Scrapyard | Discovered new exit (range 14) 87 | -11/Scrapyard | Entered Materials 262 | -10/Materials | Discovered new exit (range 7) 312 | -10/Materials | Discovered new exit (range 15) 313 | -10/Materials | Build established: Mutant 566 | -10/Materials | Entered Mines 566 | -10/Mines | Accompanied by 1 ally 573 | -10/Mines | Received a Rocket Launcher from a helpful Derelict 648 | -10/Mines | Build established: Hauler-Mutant 721 | -10/Mines | Learned location of Zion (-7) 947 | -10/Mines | Discovered new exit (range 11) 1045 | -10/Mines | Assembled infested the area 1063 | -10/Mines | Core integrity fell below 50% 1067 | -10/Mines | Core integrity fell below 20% 1079 | -10/Mines | Met 8R-AWN 1365 | -10/Mines | Discovered new exit (range 15) 1403 | -10/Mines | Core destroyed Last Messages --------------- 01252_ Dropped Heat Sink. 01252_ Acquired Imp. Heat Sink. 01252_ Acquired 42 matter. 01254_ Acquired 12 matter. 01256_ System corrupted: Energy discharge (-55). 01337_ 3YXQBE9